 Dungeon Crawl Stone Soup version 0.21.1-1-g345015f (webtiles) character file.

65 Mirai the Conjurer (level 3, 0/21 HPs)
             Began as a Deep Elf Conjurer on Mar 17, 2018.
             Killed from afar by Mirai's ghost (4 damage)
             ... with a magic dart
             ... on level 3 of the Dungeon.
             The game lasted 00:05:10 (1855 turns).

Mirai the Conjurer (Deep Elf Conjurer)              Turns: 1855, Time: 00:05:11

Health: 0/21       AC:  4    Str:  5    XL:     3   Next: 94%
Magic:  7/9        EV: 12    Int: 20    God:
Gold:   105        SH:  0    Dex: 15    Spells: 5/8 levels left

rFire    + . .     SeeInvis .   q - +0 hand axe
rCold    x . .     Gourm    .   (no shield)
rNeg     . . .     Faith    .   k - +1 leather armour (curse)
rPois    .         Spirit   .   (no helmet)
rElec    .         Reflect  .   (no cloak)
rCorr    .         Harm     .   (no gloves)
MR       .....                  (no boots)
Stlth    ++........             (no amulet)
HPRegen  0.07/turn              a - ring of fire
MPRegen  0.11/turn              (no ring)

@: very slightly contaminated
A: no striking features
a: no special abilities


You were on level 3 of the Dungeon.
You were hungry.

You visited 1 branch of the dungeon, and saw 3 of its levels.

You collected 105 gold pieces.

Inventory:

Hand Weapons
 q - a +0 hand axe (weapon)
Armour
 k - a cursed +1 leather armour (worn)
Jewellery
 a - a ring of fire (left hand)
Scrolls
 e - a scroll of identify {unknown}
 h - a scroll of amnesia {unknown}
 o - 2 scrolls of teleportation {unknown}
Potions
 f - 2 potions of agility {unknown}
 g - a potion of invisibility {unknown}
 i - a potion of brilliance {unknown}
 j - a potion of cancellation {unknown}
 l - a potion of haste {unknown}
 p - a potion of heal wounds {unknown}
Books
 b - a book of Conjurations

   Spells                             Type                      Level
   a - Magic Dart                     Conjuration                  1
   b - Searing Ray                    Conjuration                  2
   c - Dazzling Spray                 Conjuration/Hexes            3
   d - Fulminant Prism                Conjuration/Hexes            4
   e - Force Lance                    Conjuration/Translocation    4
   f - Iskenderun's Mystic Blast      Conjuration                  4
 m - a book of Fire

   Spells                             Type                      Level
   a - Ignite Poison                  Fire/Transmutation/Poison    3
   b - Fireball                       Conjuration/Fire             5
   c - Bolt of Fire                   Conjuration/Fire             6
   d - Ring of Flames                 Charms/Fire                  7
   e - Ignition                       Fire                         8
Comestibles
 c - 4 rations


   Skills:
 * Level 1.7 Fighting
 + Level 2.7 Dodging
 - Level 2.4 Stealth
 + Level 3.4 Spellcasting
 + Level 5.1 Conjurations


You had 5 spell levels left.
You knew the following spells:

 Your Spells              Type           Power        Failure   Level  Hunger
a - Magic Dart            Conj           ###.         2%          1    None
b - Searing Ray           Conj           ###...       4%          2    ##.....


Dungeon Overview and Level Annotations

Branches:
Dungeon (3/15)

Altars:
Yredelemnul

Annotations:
D:3 Mirai's ghost, amateur DECj


Message History

You are very lightly contaminated with residual magic.
Nothing appears to happen.
Mirai's ghost turns its malevolent gaze towards you.
Casting: Magic Dart
Confirm with . or Enter, or press ? or * to list all spells.
Aiming: Magic Dart
Press: ? - help, Shift-Dir - straight line, f/p - Mirai's ghost
Aim: Mirai's ghost The magic dart hits Mirai's ghost.
Mirai's ghost is lightly damaged.
Mirai's ghost points at you and mumbles some strange words.
The magic dart hits you! Mirai's ghost casts a spell at you.
The magic dart hits you!
* * * LOW HITPOINT WARNING * * *
Unknown command.
Mirai's ghost takes aim.
Mirai's ghost gestures at you while chanting.
The magic dart hits you!
You die...

# .. .## W..# ....
#####..# ###..W..#
#####...#.###
#####...@.#....#
#.....#####....#
########.##......#.....#
#.....##.##......#####...
#.....##.#......##### ##.
#....)<.....###.#...# ##
#.....####..#.'.#._.#
####### ##.###.#...#
#.....#####


You could see Mirai's ghost.

Vanquished Creatures
  3 adders (D:2)
  A worm (D:3)
  2 dart slugs
  2 leopard geckos (D:1)
  An orc (D:3)
  A giant cockroach (D:2)
  4 hobgoblins
  A ball python (D:2)
  5 bats
  A frilled lizard (D:1)
  5 goblins
  A goblin zombie (D:3)
  A kobold (D:1)
28 creatures vanquished.

Vanquished Creatures (others)
  An orc (D:3)
1 creature vanquished.

Grand Total: 29 creatures vanquished

Notes
Turn   | Place    | Note
-------+----------+-------------------------------------------
     0 | D:1      | Mirai the Deep Elf Conjurer began the quest for the Orb.
     0 | D:1      | Reached XP level 1. HP: 10/10 MP: 6/6
   346 | D:1      | Reached XP level 2. HP: 6/16 MP: 4/8
  1171 | D:2      | Reached skill level 5 in Conjurations
  1189 | D:2      | Learned a level 2 spell: Searing Ray
  1201 | D:2      | Reached skill level 1 in Fighting
  1201 | D:2      | Reached XP level 3. HP: 19/20 MP: 5/9
  1703 | D:3      | Noticed a human
  1717 | D:3      | Found a runed door.
  1810 | D:3      | Found a basalt altar of Yredelemnul.
  1847 | D:3      | Noticed Mirai's ghost (amateur DECj)
  1855 | D:3      | Killed from afar by Mirai's ghost

Skill      XL: |  1  2 |
---------------+-------+-----
Conjurations   | 5 |  5.1
Fighting       | 1 |  1.7
Dodging        | |  2.7
Stealth        | |  2.4
Spellcasting   | |  3.4

Action                   || total
-------------------------++-------
Melee: Trident           ||     6
       Hand axe          ||     7
 Cast: Magic Dart        ||    53
       Searing Ray       ||     1
  Use: Scroll            ||     2
  Eat: Chunk             ||     2
Armor: Robe              ||     7
Dodge: Dodged            ||    38
